 Dungeon Crawl Stone Soup version 0.29.1-15-g9cfb28693d (webtiles) character file.

Game seed: 14656451484771971426

1093 zeram the Grave Robber (level 8, -3/58 HPs)
             Began as a Gnoll Necromancer on Feb 26, 2023.
             Slain by a phantom (4 damage)
             ... on level 5 of the Dungeon.
             The game lasted 00:11:08 (4520 turns).

zeram the Grave Robber (Gnoll Necromancer)          Turns: 4520, Time: 00:11:09

Health: -3/58      AC:  5    Str: 15 (16) XL:     8   Next: 31%
Magic:  26/26      EV: 13    Int: 21 (22) God:
Gold:   138        SH:  0    Dex: 11 (13) Spells: 15/19 levels left

rFire   x . .      SeeInvis .   p - +1 dagger (venom)
rCold   . . .      Faith    .   (no shield)
rNeg    . . .      Spirit   .   a - +0 robe
rPois   .          Reflect  .   (no helmet)
rElec   +          Harm     .   (no cloak)
rCorr   +          Rampage  .   t - +1 pair of gloves
Will    .....                   l - +0 pair of boots {Stlth+}
Stlth   ++++......              o - amulet of magic regeneration
HPRegen 0.19/turn               e - ring of resist corrosion
MPRegen 0.60/turn               h - ring of Majat {rElec rF- MP+9 Str+8 Int+6}

@: no status effects
A: fangs 1, strong nose, distributed training
a: no special abilities


You were on level 5 of the Dungeon.
You visited 1 branch of the dungeon, and saw 5 of its levels.

You collected 138 gold pieces.

Inventory:

Hand Weapons
 p - a +1 dagger of venom (weapon)
Armour
 a - a +0 robe (worn)
 l - a +0 pair of boots of stealth (worn)
 t - a +1 pair of gloves (worn)
Jewellery
 e - a ring of resist corrosion (left hand)
 h - the ring of Majat (right hand) {rElec rF- MP+9 Str+8 Int+6}
   (You found it on level 3 of the Dungeon)

   [ring of intelligence]

   Str:       It affects your strength (+8).
   Int:       It affects your intelligence (+6).
   rF:        It makes you vulnerable to fire.
   rElec:     It insulates you from electricity.
   MP:        It affects your magic capacity (+9).
 o - an amulet of magic regeneration (around neck)
Wands
 f - a wand of digging (7)
Scrolls
 k - a scroll of butterflies
 r - 4 scrolls of teleportation
Potions
 b - a potion of magic
 c - a potion of brilliance
 g - a potion of lignification {unknown}
 j - 2 potions of might


   Skills:
 + Level 3.3 Fighting
 + Level 3.3 Short Blades
 + Level 3.3 Long Blades
 + Level 3.3 Axes
 + Level 3.3 Maces & Flails
 + Level 3.3 Polearms
 + Level 3.3 Staves
 + Level 3.3 Ranged Weapons
 + Level 3.3 Throwing
 + Level 3.3 Armour
 + Level 5.7 Dodging
 + Level 5.4 Stealth
 + Level 3.3 Shields
 + Level 3.3 Unarmed Combat
 + Level 6.0 Spellcasting
 + Level 2.6 Conjurations
 + Level 2.6 Hexes
 + Level 2.6 Summonings
 + Level 7.6 Necromancy
 + Level 2.6 Translocations
 + Level 2.6 Transmutations
 + Level 2.6 Fire Magic
 + Level 2.6 Ice Magic
 + Level 2.6 Air Magic
 + Level 2.6 Earth Magic
 + Level 2.6 Poison Magic
 + Level 3.6 Invocations
 + Level 3.3 Evocations


You had 15 spell levels left.
You knew the following spells:

 Your Spells              Type           Power      Damage    Failure   Level
a - Necrotise             Necr           100%       1d9       1%          1
b - Vampiric Draining     Necr           38%        2d8       1%          3

Your spell library contained the following spells:

 Spells                   Type           Power      Damage    Failure   Level
 Animate Dead             Necr           38%        N/A       4%          4
 Dazzling Flash           Conj/Hex       34%        N/A       10%         3
 Gell's Gravitas          Tloc           17%        N/A       10%         3
 Teleport Other           Tloc           17%        N/A       10%         3
 Agony                    Necr           38%        N/A       12%         5
 Silence                  Hex/Air        8%         N/A       65%         5
 Dispersal                Tloc           8%         N/A       99%         6


Dungeon Overview and Level Annotations

Branches:
Dungeon (6/15)
 Temple: D:4-7

Altars:
Cheibriados
Dithmenos
Elyvilon
Okawaru
Vehumet
Xom

Annotations:
D:6 Edmund


Innate Abilities, Weirdness & Mutations

You have very sharp teeth.
Your uncanny sense of smell can sniff out nearby items.
Your experience applies equally to all skills.


Message History

Unknown command.
You closely miss the ice beast.
The ice beast is lightly wounded.
Your orc skeleton misses the phantom.
You feel much better.
The orc priest mumbles some strange prayers to Beogh against you.
Beogh smites you! The ice beast barely misses you.
The phantom barely misses you.
Your orc skeleton hits the phantom but does no damage.
You closely miss the ice beast.
The ice beast is lightly wounded.
The orc priest closely misses you. The ice beast barely misses you.
The phantom hits you.
The phantom blinks!
You blink.
Found a stone staircase leading up.
Unknown command.
You closely miss the phantom. Your bite misses the phantom.
The phantom barely misses you. The phantom attacks as you move away!
The phantom hits you!
The orc priest mumbles some strange prayers to Beogh against you.
Pain shoots through your body!
* * * LOW HITPOINT WARNING * * *
The phantom attacks as you move away!
The phantom hits you but does no damage.
There is a stone staircase leading up here.
The phantom hits you.
* * * LOW HITPOINT WARNING * * *
The phantom blinks!
You blink.
You stop ascending the stairs.
It was a potion of degeneration.
There was something very wrong with that liquid.
You feel weakened.
You feel dopey.
You feel clumsy. The phantom hits you.
* * * LOW HITPOINT WARNING * * *
It was a potion of cancellation.
Your magical effects are unravelling.
You feel magically purged.
You feel a little less mighty now.
The orc priest hits you from afar with a +0 trident.
* * * LOW HITPOINT WARNING * * *
The phantom hits you.
You die...

... ####.. #.#...###
.........### ## #
.........#.##.#.. ....
................. ...
#................
.....###.......§........
.......##.....oW@.......
#..#....#.....Y........
###.##..................
.......#)..Z............
#......§...#............
##......)..#..........#.
###...........#.......#
.......#.!.[.##.......#
...###......####.##...#


You could see an ice beast, a phantom (ally target), an orc priest and a
friendly orc skeleton.

Vanquished Creatures
  Sigmund (D:3)
  A black bear (D:6)
  An ogre (D:6)
  A phantom (D:6)
  A necrophage (D:6)
  4 scorpions
  A jelly (D:5)
  2 orc priests
  Ijyb (D:3)
  An iguana (D:6)
  Natasha (thrice) (D:2)
  2 gnolls (D:2)
  7 adders
  A white imp (D:6)
  2 worms
  3 dart slugs
  6 orcs
  2 ball pythons
  6 bats
  4 endoplasms
  3 giant cockroaches
  8 goblins
  4 hobgoblins
  3 quokkas
  3 frilled lizards (D:1)
  4 kobolds
  3 rats
78 creatures vanquished.

Vanquished Creatures (collateral kills)
  A gnoll (D:2)
  An endoplasm (D:1)
  A goblin (D:2)
  A bat (D:2)
4 creatures vanquished.

Vanquished Creatures (others)
  5 dream sheep (D:3)
5 creatures vanquished.

Grand Total: 87 creatures vanquished

Notes
Turn   | Place    | Note
-------+----------+-------------------------------------------
     0 | D:1      | zeram the Gnoll Necromancer began the quest for the Orb.
     0 | D:1      | Reached XP level 1. HP: 13/13 MP: 6/6
   400 | D:1      | Reached XP level 2. HP: 19/19 MP: 1/7
  1550 | D:1      | Found a radiant altar of Vehumet.
  1570 | D:2      | Reached skill level 5 in Spellcasting
  1570 | D:2      | Reached XP level 3. HP: 25/25 MP: 1/9
  1576 | D:2      | Reached skill level 1 in Invocations
  1588 | D:1      | Reached skill level 1 in Fighting
  1588 | D:1      | Reached skill level 1 in Short Blades
  1588 | D:1      | Reached skill level 1 in Long Blades
  1588 | D:1      | Reached skill level 1 in Axes
  1588 | D:1      | Reached skill level 1 in Maces & Flails
  1588 | D:1      | Reached skill level 1 in Polearms
  1588 | D:1      | Reached skill level 1 in Staves
  1588 | D:1      | Reached skill level 1 in Ranged Weapons
  1588 | D:1      | Reached skill level 1 in Throwing
  1588 | D:1      | Reached skill level 1 in Armour
  1588 | D:1      | Reached skill level 1 in Shields
  1588 | D:1      | Reached skill level 1 in Unarmed Combat
  1588 | D:1      | Reached skill level 1 in Evocations
  1816 | D:2      | Reached XP level 4. HP: 5/32 MP: 6/11
  1820 | D:2      | Learned a level 3 spell: Vampiric Draining
  2205 | D:2      | Noticed Natasha
  2212 | D:2      | Reached skill level 1 in Conjurations
  2212 | D:2      | Reached skill level 1 in Hexes
  2212 | D:2      | Reached skill level 1 in Summonings
  2212 | D:2      | Reached skill level 1 in Translocations
  2212 | D:2      | Reached skill level 1 in Transmutations
  2212 | D:2      | Reached skill level 1 in Fire Magic
  2212 | D:2      | Reached skill level 1 in Ice Magic
  2212 | D:2      | Reached skill level 1 in Air Magic
  2212 | D:2      | Reached skill level 1 in Earth Magic
  2212 | D:2      | Reached skill level 1 in Poison Magic
  2214 | D:2      | Killed Natasha
  2337 | D:2      | Noticed Natasha
  2341 | D:2      | Killed Natasha
  2342 | D:2      | Reached XP level 5. HP: 32/37 MP: 8/12
  2396 | D:2      | Noticed Natasha
  2404 | D:2      | Killed Natasha
  3199 | D:3      | Reached XP level 6. HP: 28/44 MP: 9/14
  3398 | D:3      | Noticed a dream sheep
  3398 | D:3      | Noticed a dream sheep
  3398 | D:3      | Noticed a dream sheep
  3398 | D:3      | Noticed a dream sheep
  3398 | D:3      | Noticed a dream sheep
  3398 | D:3      | Found a shimmering altar of Xom.
  3402 | D:3      | Killed a dream sheep
  3402 | D:3      | Killed a dream sheep
  3402 | D:3      | Killed a dream sheep
  3402 | D:3      | Killed a dream sheep
  3404 | D:3      | Killed a dream sheep
  3465 | D:3      | Noticed Sigmund
  3473 | D:3      | Killed Sigmund
  3474 | D:3      | Reached skill level 5 in Dodging
  3571 | D:3      | Found an iron altar of Okawaru.
  3642 | D:3      | Noticed Ijyb
  3648 | D:3      | Killed Ijyb
  3649 | D:3      | Reached XP level 7. HP: 45/50 MP: 12/15
  3701 | D:3      | Identified the ring of Majat {rElec rF- MP+9 Str+8 Int+6}
  3812 | D:3      | Found a white marble altar of Elyvilon.
  3812 | D:3      | Found a shadowy altar of Dithmenos.
  3852 | D:3      | You fall into a shaft and drop 3 floors!
  3945 | D:6      | Reached skill level 5 in Stealth
  4292 | D:6      | Reached XP level 8. HP: 55/58 MP: 16/16
  4316 | D:6      | Found a snail-covered altar of Cheibriados.
  4453 | D:6      | Noticed Edmund
  4465 | D:6      | Noticed a shadow
  4470 | D:5      | Entered Level 5 of the Dungeon
  4520 | D:5      | HP: 1/58 [orc priest/+0 trident (4)]
  4520 | D:5      | Slain by a phantom

Illustrated notes

Levels and vault maps discovered:
D:1:      dpeg_arrival_water_altar, layout_basic, minmay_fountain_box,
          corexii_corridor_pit
D:2:      layout_rooms, uniq_natasha
D:3:      layout_loops_ring, kb_xom_exploding_sheep,
          gammafunk_temple_overflow_elements, kennysheep_okawaru_gauntlet,
          minivault_23, amcnicky_mini_corridor_feature,
          chequers_serial_rivers_large_a, uniq_ijyb, uniq_sigmund
D:5:      layout_cave_pools, lemuel_zombie_altar_yredelemnul
D:6:      layout_basic, cheibriados_altar_1, uniq_edmund, uniq_duvessa

Skill      XL: |  1  2  3  4  5  6  7  8 |
---------------+-------------------------+-----
Spellcasting   | 5 6 |  6.0
Invocations    | 1 2 3 |  3.6
Fighting       | 1 2 3 |  3.3
Short Blades   | 1 2 3 |  3.3
Long Blades    | 1 2 3 |  3.3
Axes           | 1 2 3 |  3.3
Maces & Flails | 1 2 3 |  3.3
Polearms       | 1 2 3 |  3.3
Staves         | 1 2 3 |  3.3
Ranged Weapons | 1 2 3 |  3.3
Throwing       | 1 2 3 |  3.3
Armour         | 1 2 3 |  3.3
Shields        | 1 2 3 |  3.3
Unarmed Combat | 1 2 3 |  3.3
Evocations     | 1 2 3 |  3.3
Conjurations   | 1 2 |  2.6
Hexes          | 1 2 |  2.6
Summonings     | 1 2 |  2.6
Translocations | 1 2 |  2.6
Transmutations | 1 2 |  2.6
Fire Magic     | 1 2 |  2.6
Ice Magic      | 1 2 |  2.6
Air Magic      | 1 2 |  2.6
Earth Magic    | 1 2 |  2.6
Poison Magic   | 1 2 |  2.6
Dodging        | 5 |  5.7
Stealth        | 5 |  5.4
Necromancy     | |  7.6

Action                   |  1- 3 |  4- 6 |  7- 9 || total
-------------------------+-------+-------+-------++-------
Melee: Unarmed           |    30 |       |       ||    30
       Club              |    17 |       |       ||    17
       Spear             |       |     8 |       ||     8
       Dagger            |       |    28 |    50 ||    78
       Bite              |       |     5 |     8 ||    13
 Cast: Necrotise         |    40 |    58 |    43 ||   141
       Vampiric Draining |       |     4 |     1 ||     5
  Use: Scroll            |     5 |     2 |       ||     7
       Potion            |       |     1 |     4 ||     5
 Stab: Sleeping          |     1 |     5 |     5 ||    11
Armor: Robe              |    33 |    16 |    11 ||    60
Dodge: Dodged            |    67 |    36 |    54 ||   157
